Map: Thunderbird LE

Players

Stephano - Winner!

  • Race: Zerg Zerg
  • Spawn Location: 5:00

BackupO

  • Race: Zerg Zerg
  • Spawn Location: 11:00

VOD

Have the link to the VOD?

Description

Time

  • Played on: Sept. 6, 2019, 12:26 p.m.
  • Length: 6:50
Show
View Real Time Build Order
Export as new Build Order

Stephano Zerg - Winner!

Build Orders: Hatch First 

Get SALT Encoding   

  12  0:00  Drone  
  13  0:12  Overlord  
  13  0:17  Drone  
  14  0:30  Drone x2  
  16  0:47  Hatchery  
  15  0:50  Drone  
  15  0:53  Drone  
  17  0:57  Drone  
  18  1:07  Extractor  
  17  1:12  Spawning Pool  
  17  1:15  Drone  
  18  1:18  Drone  
  18  1:27  Drone  
  19  1:38  Drone  
  20  1:48  Drone  
  21  1:59  Queen x2  
  21  2:00  Overlord, Drone  
  26  2:11  Drone x2, Metabolic Boost  
  28  2:21  Drone x2  
  30  2:32  Hatchery  
  29  2:37  Queen  
  29  2:42  Overlord  
  31  2:45  Drone  
  31  2:47  Drone  
  33  2:51  Baneling Nest  
  33  2:55  Drone  
  33  2:58  Zergling x2  
  33  2:59  Drone  
  35  3:06  Drone  
  35  3:08  Drone  
  35  3:09  Drone x2  
  35  3:10  Drone  
  40  3:13  Drone  
  40  3:17  Overlord  
  41  3:21  Drone x2  
  43  3:27  Drone  
  43  3:30  Extractor  
  43  3:31  Evolution Chamber, Zergling x4  
  44  3:35  Baneling  
  44  3:39  Drone x3  
  44  3:40  Drone, Extractor  
  47  3:48  Zergling x10  
  51  3:49  Baneling  
  51  3:50  Baneling  
  51  3:55  Baneling x2  
  52  4:02  Zergling x4  
  53  4:03  Zergling x2  
  53  4:09  Drone x3  
  56  4:14  Drone  
  57  4:17  Lair  
  57  4:18  Overlord  
  57  4:20  Overlord  
  57  4:27  Roach Warren  
  57  4:28  Drone  
  57  4:32  Zerg Missile Weapons Level 1  
  57  4:33  Overlord  
  57  4:39  Drone x7  
  57  4:42  Drone  
  63  4:50  Drone x5  
  63  4:51  Drone x2  
  68  4:57  Overlord  
  68  5:02  Overlord  
  68  5:05  Overlord  
  68  5:06  Extractor x2  
  65  5:11  Overlord  
  65  5:16  Glial Reconstitution  
  65  5:20  Roach x6  
  77  5:23  Roach x2  
  77  5:25  Overlord  
  81  5:29  Roach  
  81  5:30  Roach  
  85  5:38  Roach x4  
  93  5:43  Roach x2  
  95  5:52  Roach x5  
  109  5:57  Roach x2  
  109  6:02  Roach x3  
  115  6:05  Roach  
  115  6:07  Overlord  
  116  6:12  Roach x2  
  119  6:22  Roach  
  119  6:23  Overlord, Ravager  
  122  6:29  Overlord  
Show
View Real Time Build Order
Export as new Build Order

BackupO Zerg 

Build Orders: Hatch First 

Get SALT Encoding   

  12  0:01  Drone  
  13  0:14  Overlord  
  13  0:16  Drone  
  14  0:32  Drone x2  
  16  0:50  Hatchery  
  16  0:53  Drone  
  16  0:57  Drone  
  17  1:01  Drone  
  18  1:11  Extractor  
  17  1:16  Spawning Pool  
  16  1:19  Drone  
  16  1:22  Drone  
  18  1:29  Drone  
  19  1:40  Drone  
  20  1:51  Drone  
  21  2:03  Queen x2  
  21  2:04  Zergling x4  
  27  2:12  Overlord  
  27  2:14  Drone  
  28  2:15  Metabolic Boost  
  28  2:31  Drone x2  
  28  2:34  Drone x2  
  32  2:46  Hatchery  
  30  2:59  Drone  
  30  3:00  Overlord  
  31  3:10  Baneling Nest  
  30  3:21  Zergling x2  
  30  3:22  Zergling x18  
  40  3:34  Overlord  
  40  3:35  Drone  
  40  3:39  Queen  
  43  3:44  Drone  
  44  3:49  Overlord  
  44  3:50  Evolution Chamber  
  44  3:55  Baneling x2  
  37  4:12  Drone  
  37  4:13  Drone x4  
  42  4:17  Zerg Missile Weapons Level 1  
  42  4:19  Roach Warren  
  42  4:23  Drone  
  42  4:25  Baneling x2  
  42  4:33  Drone x3, Extractor  
  42  4:34  Drone  
  42  4:35  Drone x4  
  48  4:45  Lair  
  48  4:49  Zergling x6  
  48  4:50  Zergling x2  
  51  4:58  Zergling x6  
  51  4:59  Zergling x4  
  50  5:08  Baneling x2  
  50  5:10  Drone x4  
  54  5:16  Drone x2, Extractor  
  54  5:17  Drone  
  54  5:18  Drone x2  
  58  5:22  Baneling  
  58  5:23  Drone  
  58  5:26  Queen  
  61  5:36  Overlord x2  
  58  5:53  Roach  
  58  5:54  Roach x4  
  66  5:57  Overlord x2  
  66  6:02  Drone  
  66  6:03  Drone x5  
  70  6:13  Roach x2  
  70  6:18  Roach x3  
  77  6:28  Roach x3  
Tags
 
Add a new tag
Caveats
  • Supply blocks, unpowered buildings, or Contaminate may cause inaccurate times.
  • Supply counts are checked every 10 seconds.